 Dungeon Crawl Stone Soup version 0.27.1-1-g398f81649c (webtiles) character file.

Game seed: 13684221225544526756

66 speeev33 the Skirmisher (level 4, -1/40 HPs)
             Began as a Hill Orc Fighter on Sept 6, 2021.
             Splashed by a jelly's acid (6 damage)
             ... on level 3 of the Dungeon.
             The game lasted 00:02:56 (2122 turns).

speeev33 the Skirmisher (Hill Orc Fighter)          Turns: 2122, Time: 00:02:58

Health: -1/40      AC: -4    Str: 19    XL:     4   Next: 15%
Magic:  4/4        EV:  7    Int:  8    God:
Gold:   105        SH: 10    Dex: 16    Spells: 3/3 levels left

rFire    . . .     SeeInvis .   a - +0 war axe
rCold    . . .     Faith    .   c - +0 kite shield
rNeg     . . .     Spirit   .   b - +0 scale mail
rPois    .         Reflect  .   (no helmet)
rElec    .         Harm     .   (no cloak)
rCorr    .         Rampage  .   (no gloves)
Will     .....                  (no boots)
Stlth    ..........             (no amulet)
HPRegen  0.13/turn              i - +6 ring of dexterity
MPRegen  0.09/turn              (no ring)

@: corroded
A: no striking features
a: no special abilities


You were on level 3 of the Dungeon.
You visited 1 branch of the dungeon, and saw 3 of its levels.

You collected 105 gold pieces.

Inventory:

Hand Weapons
 a - a +0 war axe (weapon)
Armour
 b - a +0 scale mail (worn)
 c - a +0 kite shield (worn)
Jewellery
 i - a +6 ring of dexterity (left hand)
Scrolls
 f - a scroll of teleportation
Potions
 d - a potion of might
 e - a potion of curing
 g - a potion of lignification {unknown}
 h - a potion of flight {unknown}
 k - a potion of haste {unknown}
 l - a potion of brilliance {unknown}


   Skills:
 + Level 4.3 Fighting
 + Level 3.7 Axes
 + Level 3.9 Armour
 + Level 3.8 Shields


You had 3 spell levels left.
You didn't know any spells.
Your spell library contained the following spells:

 Spells                   Type           Power      Damage    Failure   Level
 Sandblast                Erth           0%         2d4       99%         1
 Passwall                 Tmut/Erth      0%         N/A       100%        2
 Lee's Rapid Deconstruct  Erth           0%         3d5*      100%        5


Dungeon Overview and Level Annotations

Branches:
Dungeon (3/15)

Altars:

Shops:
D:1 =?[?


Message History

A jelly is nearby!
You block the jelly's attack.
You slash the jelly!
Your hands burn!
The jelly is moderately wounded.
You block the jelly's attack. The jelly hits you but does no damage.
You hit the jelly. The acid corrodes you!
Your hands burn!
The jelly is moderately wounded.
The jelly hits you. The acid corrodes you!
You are splashed with acid!
You hit the jelly.
Your hands burn!
The jelly is heavily wounded.
The jelly hits you.
You are splashed with acid!
The jelly hits you. The acid corrodes you!
You are splashed with acid!
* * * LOW HITPOINT WARNING * * *
You are too injured to fight recklessly!
You are too injured to fight recklessly!
You are too injured to fight recklessly!
You are too injured to fight recklessly!
You are too injured to fight recklessly!
You are too injured to fight recklessly!
You are too injured to fight recklessly!
You are too injured to fight recklessly!
You are too injured to fight recklessly!
You are too injured to fight recklessly!
You are too injured to fight recklessly!
You are too injured to fight recklessly!
You are too injured to fight recklessly!
You are too injured to fight recklessly!
You are too injured to fight recklessly!
You are too injured to fight recklessly!
You are too injured to fight recklessly!
You are too injured to fight recklessly!
You are too injured to fight recklessly!
You are too injured to fight recklessly!
You hit the jelly but do no damage. The acid corrodes you!
Your hands burn!
* * * LOW HITPOINT WARNING * * *
The jelly is heavily wounded.
The jelly hits you.
* * * LOW HITPOINT WARNING * * *
You are splashed with acid.
You die...

#.#......#
........##........#
........####......#
........# #......#
........# ####.####
........# #....####
........# #.###...######
......J.# #[......'.....
.......@#######...######
####.............†.(....
.......########.#.#####.
###.#+# #...|..# #. #
#......# #. #......# #.
#......# #† #......# #.
#......# ##


You could see a jelly.

Vanquished Creatures
  An adder (D:2)
  A dart slug (D:1)
  A ball python (D:1)
  3 endoplasms (D:1)
  2 giant cockroaches
  8 goblins
  5 hobgoblins
  6 jackals
  4 quokkas
  2 bats
  4 frilled lizards
  6 kobolds
  4 rats
47 creatures vanquished.

Notes
Turn   | Place    | Note
-------+----------+-------------------------------------------
     0 | D:1      | speeev33 the Hill Orc Fighter began the quest for the Orb.
     0 | D:1      | Reached XP level 1. HP: 19/19 MP: 1/1
    35 | D:1      | Reached XP level 2. HP: 16/27 MP: 2/2
   266 | D:1      | Found Yjudool's Magic Scroll Shop.
   289 | D:1      | Found Qeloh's Antique Armour Boutique.
   440 | D:1      | Found a faded altar of an unknown god.
   452 | D:1      | Reached skill level 4 in Fighting
   571 | D:1      | Reached XP level 3. HP: 33/33 MP: 3/3
   645 | D:1      | Found Bytzo's Magic Scroll Emporium.
   986 | D:1      | Found Veped's Jewellery Boutique.
  1408 | D:2      | Reached XP level 4. HP: 40/40 MP: 4/4
  2122 | D:3      | Splashed by a jelly's acid

Illustrated notes

Levels and vault maps discovered:
D:1:      scummos_arrival_forest, layout_loops_cross,
          dreamdust_ecumenical_altar_angels_and_demons, serial_shops,
          nicolae_shop_competitors_out_of_business, shop,
          nicolae_shop_behind_doors, nicolae_shop_temple_entry_statues_fountains
D:2:      layout_basic, minmay_tree_intersection
D:3:      layout_basic, marbit_many_paths, mainiacjoe_overflow_catwalk,
          minmay_fountain_box

Skill      XL: |  1  2 |
---------------+-------+-----
Axes           | 3 |  3.7
Fighting       | 4 |  4.3
Armour         | |  3.9
Shields        | |  3.8

Action                   |  1- 3 |  4- 6 || total
-------------------------+-------+-------++-------
Melee: War axe           |   123 |    28 ||   151
  Use: Scroll            |     4 |     1 ||     5
Armor: Scale mail        |    68 |    10 ||    78
Dodge: Dodged            |    47 |     4 ||    51
Block: Kite shield       |    77 |    17 ||    94
